 Dungeon Crawl Stone Soup version 0.14.2 (webtiles) character file.

226541 Amnesiac the Evocator (level 19, -3/113 HPs)
             Began as a Spriggan Artificer on Feb 4, 2018.
             Was the Champion of Nemelex Xobeh.
             Killed from afar by a deep elf sorcerer (24 damage)
             ... with a blast of hellfire
             ... on Level 3 of the Elven Halls.
             The game lasted 02:09:15 (26836 turns).

Amnesiac the Evocator (Spriggan Artificer)         Turns: 26836, Time: 02:09:15

HP  -3/113       AC 12     Str 10      XL: 19   Next:  1%
MP   0/51        EV 33     Int 24      God: Nemelex Xobeh [******]
Gold 554         SH 21     Dex 24      Spells:  2 memorised, 12 levels left

rFire  + + .     SeeInvis +     H - +2,-2 sling of Jempahuoto {flame, rF+}
rCold  + . .     Clarity  .     O - +1 robe {rC+ rF+}
rNeg   . . .     Conserve .     y - +2 buckler of Fun and Games {+Fly rPois Stlth+}
rPois  +         rCorr    .     N - +3 hat of Pondering {ponderous, MR+ MP+10 Int+5}
rElec  .         rRot     .     I - +0 cloak
SustAb . .       Spirit   +     (gloves unavailable)
rMut   .         Warding  .     (boots unavailable)
Saprov . . .     Stasis   .     e - amulet of guardian spirit
MR     ++++.                    B - ring of the Invisible Hand {Str+4 Int+4}
                                t - +5 ring of protection

@: studying Air Magic, sage [Dodging], drained, very quick, incredibly resistant
to hostile enchantments, very stealthy
A: unfitting armour, hooves 1, horns 1, see invisible, herbivore 3, speed 3,
robust 1, slow metabolism 2
a: Draw One, Peek at Two, Triple Draw, Deal Four, Stack Five, Renounce Religion,
Evoke Flight


You were on level 3 of the Elven Halls.
You worshipped Nemelex Xobeh.
Nemelex Xobeh was exalted by your worship.
You were not hungry.

You visited 4 branches of the dungeon, and saw 19 of its levels.
You also visited: Ice Cave and Volcano.

You collected 2550 gold pieces.
You spent 1748 gold pieces at shops.

Inventory:

Hand weapons
 a - a +0,+0 sling
 b - a +9 blowgun
 H - the cursed +2,-2 sling of Jempahuoto (weapon) {flame, rF+}
   (You found it on level 3 of the Elven Halls)

   It turns projectiles fired from it into bolts of flame.
   It protects you from fire.
   It has a curse placed upon it.
Missiles
 i - 47 stones
 m - 2 curare-tipped needles
 r - 17 sling bullets
 E - 13 steel sling bullets (quivered)
Armour
 y - the +2 buckler of Fun and Games (worn) {+Fly rPois Stlth+}
   (You took it off a deep elf sorcerer on level 3 of the Elven Halls)

   It protects you from poison.
   It lets you fly.
   It makes you much more stealthy.
 I - a +0 cloak (worn)
 N - the +3 hat of Pondering (worn) {ponderous, MR+ MP+10 Int+5}
   (You took it off Gastronok on level 1 of the Orcish Mines)

   It affects your intelligence (+5).
   It affects your resistance to hostile enchantments.
   It affects your magic capacity (+10).
 O - a +1 robe of resistance (worn)
Magical devices
 d - a wand of fire (4)
 v - a wand of digging (3)
Comestibles
 l - 3 bread rations
 w - an apple
 J - a lychee
 K - a choko
Scrolls
 c - a scroll of teleportation {!r}
 z - 2 scrolls of blinking {!r}
 L - a scroll of fear {!r}
Jewellery
 e - an amulet of guardian spirit (around neck)
 n - an uncursed amulet of resist corrosion
 t - a +5 ring of protection (left hand)
 B - the ring of the Invisible Hand (right hand) {Str+4 Int+4}
   (You took it off a deep elf sorcerer on level 3 of the Elven Halls)

   [ring of intelligence]

   It affects your intelligence (+4).
   It affects your strength (+4).
 C - an uncursed ring of protection from cold
 D - an uncursed ring of regeneration {unknown}
 F - an uncursed ring of poison resistance
 G - an uncursed amulet of rage {unknown}
Potions
 g - a potion of haste {!q}
 h - a potion of mutation {!q}
 q - a potion of porridge {!q}
 s - 4 potions of curing {!q}
 x - a potion of heal wounds {!q}
 A - a potion of berserk rage {!q}
 R - a potion of resistance {!q}
Books
 M - Frur Nucsu's Grimoire of Augmentations
   (You found it on level 3 of the Elven Halls)

   Spells                             Type                      Level
   Lethal Infusion                    Charms/Necromancy            2
   Song of Slaying                    Charms                       2
   Spectral Weapon                    Hexes/Charms                 3
   Deflect Missiles                   Charms/Air                   6
 P - a book of Clouds

   Spells                             Type                      Level
   Mephitic Cloud                     Conjuration/Poison/Air       3
   Conjure Flame                      Conjuration/Fire             3
   Poisonous Cloud                    Conjuration/Poison/Air       6
   Freezing Cloud                     Conjuration/Ice/Air          6
   Ring of Flames                     Charms/Fire                  7
 Q - a manual of Air Magic
Miscellaneous
 f - an ornate deck of escape {drawn: 2}
 k - a legendary deck of summonings {drawn: 3}
 p - a legendary deck of escape {drawn: 6}
 u - an ornate deck of escape {drawn: 2}
 S - a legendary deck of escape {drawn: 1}
Rods
 j - a +2 rod of clouds (9/9)
   (You found it on level 3 of the Elven Halls)


   Skills:
 + Level 12.8(11.5) Fighting
   Level 1.1(0.1) Short Blades
 - Level 12.1(10.8) Slings
 - Level 10.0(8.8) Throwing
 - Level 14.5(13.1) Dodging
 - Level 8.0(6.8) Stealth
 - Level 9.0(7.8) Shields
 - Level 25.2(23.5) Evocations


You had 12 spell levels left.
You knew the following spells:

 Your Spells              Type           Power        Failure   Level  Hunger
a - Ozocubu's Armour      Chrm/Ice       #.........   43%         3    ####...
b - Flight                Chrm/Air       #.........   43%         3    ####...


Dungeon Overview and Level Annotations

Branches:
Dungeon (10/15)            Temple (0/1) D:7             Orc (4/4) D:10
    Elf (3/3) Orc:4          Lair (2/8) D:9

Altars:
Ashenzari
Fedhas
Kikubaaqudgha
Nemelex Xobeh
Okawaru
Xom
Zin
The Shining One
Beogh

Shops:
D:5 *   D:7 (!   Orc:4 *(?   Elf:2 ?   Elf:3 (


Innate Abilities, Weirdness & Mutations

You are tiny and cannot use many weapons and most armour.
You have supernaturally acute eyesight.
You are a herbivore.
You cover ground extremely quickly.
You need consume almost no food.
You have large cloven feet.
You have a pair of small horns on your head.
You are robust (+10% HP).


Message History

Read which item? (? for menu, Esc to quit)
Okay, then.
This spell is slightly dangerous to cast.
Memorise Mephitic Cloud, consuming 3 spell levels and leaving 9?
The deep elf demonologist gestures wildly while chanting.
The deep elf sorcerer points at you and mumbles some strange words.
Your memorisation is interrupted.
You resist with almost no effort. What do you say? t - Shout!
Orders for allies: a - Attack new target. p - Attack previous target. r - Retreat! s - Stop attacking. w - Wait here. f - Follow me.
Anything else - Stay silent.
Gang up on whom?
Press: ? - help, Dir - move target cursor, f/p - deep elf sorcerer
Aim: a deep elf sorcerer, wielding a long sword and wearing a leather armour (heavily wounded, moving very quickly) Attack!
The lost soul is destroyed!
The deep elf sorcerer points at you and mumbles some strange words.
The bolt of negative energy misses you.
The lost soul is destroyed!
What do you say? t - Shout!
Orders for allies: a - Attack new target. p - Attack previous target. r - Retreat! s - Stop attacking. w - Wait here. f - Follow me.
Anything else - Stay silent.
Gang up on whom?
Press: ? - help, Dir - move target cursor, f/p - deep elf sorcerer
Aim: a deep elf sorcerer, wielding a long sword and wearing a leather armour (heavily wounded, moving very quickly) Attack!
The deep elf sorcerer points at you and mumbles some strange words.
The bolt of negative energy misses you. The iron devil hits your bone dragon.
The iron devil hits your bone dragon but does no damage.
Press: ? - help, v - describe, . - travel, g - get item
Here: a bone dragon (lightly damaged, friendly, summoned) 12 arrows of frost.
The floor.
Unknown command.
Use which ability? (? or * to list) Draw from which deck? (? for menu, Esc to quit)
You draw a card...
It is the Warp.
This is a legendary deck of escape {drawn: 1}.
A powerful magic interferes with your control of the blink.
You blink.
The deep elf sorcerer points at you and mumbles some strange words.
The hellfire explodes!
The blast of hellfire engulfs you!
* * * LOW HITPOINT WARNING * * *
The deep elf sorcerer gestures at you while chanting.
You resist with almost no effort.
The deep elf sorcerer points at you and mumbles some strange words.
The hellfire explodes!
The blast of hellfire engulfs you!
* * * LOW HITPOINT WARNING * * *
Drink which item? (? for menu, Esc to quit)
Really quaff
x - 2 potions of heal wounds {!q}?
You feel much better.
The deep elf sorcerer casts a spell at you.
The hellfire explodes!
The blast of hellfire engulfs you!
* * * LOW HITPOINT WARNING * * *
The deep elf sorcerer points at you and mumbles some strange words.
The hellfire explodes!
The blast of hellfire engulfs you!
Your scroll of amnesia {!r} catches fire!
You die...
Your body glows slightly and disappears.

###......#..# #..# #.
#.......##..# #..# ##.
###.....##..# #..####..
#......#..# #........
#.....##..# #..####..
#.....#...# #..# #..
#......#..# #..# #''
#.#.#...### #### ###
######@## ###....#
###......###
##..........#####
##...............##
##...e.............###
##....................##
#......................#
##.....⌠................#


You could see a deep elf sorcerer.

Vanquished Creatures
  2 deep elf blademasters (Elf:3)
  A deep elf master archer (Elf:3)
  Gastronok (Orc:1)
  3 deep elf demonologists (Elf:3)
  6 deep elf annihilators (Elf:3)
  2 deep elf sorcerers (Elf:3)
  2 ogre magi (Orc:4)
  10 deep elf knights
  2 deep trolls (Orc:4)
  5 deep elf summoners
  8 deep elf conjurers
  3 hill giants
  An orc knight (Orc:2)
  2 orc sorcerers
  2 cyclopes (Orc:4)
  A spiny frog (Lair:1)
  3 deep elf priests (Elf:1)
  Grinder (D:6)
  A komodo dragon (Lair:1)
  4 two-headed ogres
  9 trolls
  A fire drake (Volcano)
  Prince Ribbit (D:6)
  10 deep elf magi
  14 deep elf fighters
  12 yaks
  A hog (IceCv)
  A human (D:10)
  A harpy simulacrum (IceCv)
  A wyvern (D:8)
  3 hungry ghosts
  Edmund (D:7)
  Menkaure (D:7)
  A necrophage (D:8)
  3 wargs
  2 soldier ants
  A water moccasin (Lair:1)
  An ice beast (D:7)
  4 sky beasts
  A small abomination (Orc:4)
  2 phantoms
  23 ogres
  10 orc warriors
  2 scorpions
  4 centaurs
  Sigmund (D:5)
  3 big kobolds
  12 giant frogs
  Blork the orc (D:6)
  2 insubstantial wisps (Orc:4)
  11 killer bees
  6 wights
  Dowan (D:4)
  A centaur skeleton (D:4)
  2 jellies (D:6)
  16 orc priests
  3 hounds
  2 giant frog skeletons (D:5)
  24 orc wizards
  4 iguanas
  4 worker ants
  5 sheep (Lair:1)
  An orange rat (Elf:2)
  Ijyb (D:4)
  3 worker ant zombies
  7 adders
  A gnoll zombie (D:7)
  A gnoll (D:6)
  2 shadow imps
  5 giant mites
  4 worms
  4 orc zombies
  A giant eyeball (D:6)
  3 giant geckos
  3 oozes
  90 orcs
  8 giant cockroaches
  22 goblins
  11 hobgoblins
  24 kobolds
  7 quokkas
  3 ball pythons
  11 bats
  5 giant newts
  A hobgoblin skeleton (D:5)
  16 jackals
  A kobold skeleton (D:5)
  15 rats
  5 ballistomycetes (D:9)
  A butterfly (D:7)
524 creatures vanquished.

Vanquished Creatures (collateral kills)
  An Ice Fiend (IceCv)
  A deep elf master archer (Elf:3)
  An Executioner (Elf:3)
  4 deep elf sorcerers
  Aizul (Elf:1)
  2 deep elf demonologists
  A deep elf annihilator (Elf:3)
  2 deep elf death magi (Elf:3)
  A spectral elf (Elf:3)
  Urug (Orc:2)
  Nergalle (Elf:1)
  2 deep elf knights (Elf:1)
  5 ice devils (IceCv)
  3 deep elf summoners
  An ice statue (IceCv)
  5 deep elf conjurers
  An orc sorcerer (Elf:1)
  A gargoyle (D:9)
  3 anaconda simulacra (IceCv)
  4 deep elf priests
  A freezing wraith (IceCv)
  3 blue devils (IceCv)
  3 two-headed ogres (Orc:4)
  A fire drake (Volcano)
  2 trolls (Orc:4)
  3 redbacks (Elf:2)
  A hog (D:9)
  8 deep elf magi
  5 harpy simulacra (IceCv)
  A vampire mosquito (Elf:1)
  11 deep elf fighters
  A hippogriff (D:9)
  A wolf (IceCv)
  6 iron troll simulacra (IceCv)
  A water moccasin (Lair:1)
  A hydra simulacrum (IceCv)
  2 orc warriors
  8 ice beasts (Elf:1)
  An ogre (D:4)
  A yellow wasp (Elf:1)
  2 ettin simulacra (IceCv)
  A crocodile (Lair:1)
  2 lost souls (Elf:3)
  Duvessa (D:4)
  2 giant slugs (Lair:1)
  A giant frog (D:9)
  3 insubstantial wisps
  A scorpion (D:9)
  2 jellies (D:9)
  An elephant simulacrum (IceCv)
  3 draconian simulacra (IceCv)
  3 hounds
  2 orc wizards
  A troll simulacrum (IceCv)
  2 polar bear simulacra (IceCv)
  An orange rat (Elf:1)
  3 spriggan simulacra (IceCv)
  A mummy (D:9)
  An adder (D:4)
  3 ogre simulacra (IceCv)
  4 naga simulacra (IceCv)
  7 white imps (IceCv)
  5 ufetubi (IceCv)
  8 orcs
  A bat (Lair:1)
  2 goblins (Orc:2)
  2 crawling corpses (Elf:1)
167 creatures vanquished.

Vanquished Creatures (others)
  A Brimstone Fiend (IceCv)
  2 bone dragons (IceCv)
  A deep elf sorcerer (Elf:3)
  A lorocyproca (Elf:3)
  6 dancing weapons
  4 very ugly things
  A soul eater (IceCv)
  A sun demon (Elf:1)
  2 skeletal warriors (IceCv)
  A griffon (Elf:1)
  A sixfirhy (IceCv)
  2 elephants (Elf:1)
  3 spiny frogs
  5 vapours (IceCv)
  A hellwing (Volcano)
  6 giant fireflies
  A two-headed ogre (Volcano)
  2 polar bears (IceCv)
  A basilisk (IceCv)
  A hog (IceCv)
  A fire bat (Volcano)
  3 yaks
  4 ugly things
  2 hippogriffs
  10 wolves
  2 deep elf fighters
  A soldier ant (Elf:2)
  7 yellow wasps
  A human (D:3)
  A centaur (Volcano)
  2 boring beetles
  18 insubstantial wisps
  2 hounds
  5 orange rats
  3 sheep
  A white imp (D:9)
  An ufetubus (D:9)
  A giant spore (D:9)
108 creatures vanquished.

Grand Total: 799 creatures vanquished

Notes
Turn   | Place    | Note
--------------------------------------------------------------
     0 | D:1      | Amnesiac, the Spriggan Artificer, began the quest for the Orb.
     0 | D:1      | Reached XP level 1. HP: 9/9 MP: 2/2
    18 | D:1      | Reached skill level 1 in Fighting
   360 | D:1      | Reached XP level 2. HP: 2/14 MP: 5/5
   859 | D:1      | Reached skill level 5 in Evocations
  1133 | D:2      | Reached XP level 3. HP: 10/18 MP: 8/8
  1670 | D:2      | Found a sparkling altar of Nemelex Xobeh.
  1672 | D:2      | Found an iron altar of Okawaru.
  1674 | D:2      | Found a shattered altar of Ashenzari.
  1676 | D:2      | Found a blossoming altar of Fedhas.
  1676 | D:2      | Found a shimmering altar of Xom.
  1676 | D:2      | Found a glowing silver altar of Zin.
  1676 | D:2      | Found an ancient bone altar of Kikubaaqudgha.
  1676 | D:2      | Found a glowing golden altar of the Shining One.
  1683 | D:2      | Became a worshipper of Nemelex Xobeh the Trickster
  1704 | D:2      | Received a gift from Nemelex Xobeh
  1957 | D:1      | Acquired Nemelex Xobeh's first power
  2369 | D:3      | Reached skill level 6 in Evocations
  2427 | D:3      | Reached XP level 4. HP: 9/22 MP: 12/12
  3077 | D:3      | Acquired Nemelex Xobeh's second power
  3136 | D:3      | Reached skill level 7 in Evocations
  3546 | D:3      | Reached XP level 5. HP: 11/25 MP: 16/16
  3550 | D:3      | Received a gift from Nemelex Xobeh
  3746 | D:3      | Found an ancient bone altar of Kikubaaqudgha.
  3748 | D:3      | Noticed a human
  3749 | D:3      | Killed a human
  4481 | D:4      | Reached skill level 5 in Dodging
  4637 | D:4      | Noticed Dowan
  4640 | D:4      | Reached skill level 8 in Evocations
  4940 | D:4      | Killed Dowan
  4940 | D:4      | Reached XP level 6. HP: 6/30 MP: 17/19
  5204 | D:4      | Noticed Duvessa
  5261 | D:4      | Killed Duvessa
  5921 | D:4      | Reached skill level 9 in Evocations
  5944 | D:4      | Reached XP level 7. HP: 33/33 MP: 22/22
  6052 | D:5      | Entered Level 5 of the Dungeon
  6168 | D:5      | Noticed a yak
  6170 | D:5      | Noticed a yak
  6177 | D:5      | Noticed a yak
  6334 | D:4      | Killed a yak
  6508 | D:5      | Noticed Ijyb
  6612 | D:4      | Killed Ijyb
  6854 | D:5      | Found a glowing golden altar of the Shining One.
  6893 | D:5      | Found Ykaecash's Assorted Antiques.
  6897 | D:5      | Noticed Sigmund
  6923 | D:5      | Received a gift from Nemelex Xobeh
  7047 | D:5      | Bought a scroll labeled ULEBU PLOMY for 32 gold pieces
  7047 | D:5      | Bought an emulsified orange potion for 28 gold pieces
  7047 | D:5      | Bought a scroll labeled STEAMA SEORPH for 32 gold pieces
  7055 | D:5      | Killed Sigmund
  7055 | D:5      | Reached skill level 5 in Slings
  7291 | D:5      | Reached XP level 8. HP: 30/37 MP: 24/24
  7468 | D:5      | Noticed a yak
  7498 | D:5      | Killed a yak
  7540 | D:5      | Noticed a yak
  7555 | D:5      | Killed a yak
  7584 | D:5      | Killed a yak
  7609 | D:5      | Killed a yak
  8004 | D:5      | Reached skill level 10 in Slings
  8572 | D:6      | Acquired Nemelex Xobeh's third power
  8783 | D:6      | Reached XP level 9. HP: 41/41 MP: 25/25
  8785 | D:6      | Noticed Prince Ribbit
  8818 | D:6      | Killed Prince Ribbit
  8818 | D:6      | Reached skill level 11 in Slings
  9153 | D:6      | Noticed Blork the orc
  9189 | D:6      | Killed Blork the orc
  9341 | D:6      | Learned a level 3 spell: Ozocubu's Armour
  9348 | D:6      | Noticed Grinder
  9350 | D:6      | Paralysed by Grinder for 6 turns
  9364 | D:6      | Killed Grinder
  9364 | D:6      | Reached skill level 12 in Slings
  9878 | D:7      | Noticed Menkaure
  9910 | D:7      | Killed Menkaure
  9966 | D:7      | Found a staircase to the Ecumenical Temple.
 10054 | D:7      | Reached skill level 10 in Evocations
 10063 | D:7      | Noticed Edmund
 10110 | D:7      | Killed Edmund
 10292 | D:7      | Acquired Nemelex Xobeh's fourth power
 10392 | D:7      | Got a polished war axe
 10416 | D:7      | Found Qegae's Antique Weapon Emporium.
 10419 | D:7      | Identified the +3,+11 war axe of Contention {chop, MR+} (You found it on level 7 of the Dungeon)
 10534 | D:7      | Found Klul's Distillery.
 10544 | D:7      | Received a gift from Nemelex Xobeh
 11005 | D:8      | Received a gift from Nemelex Xobeh
 11008 | D:8      | Reached XP level 10. HP: 26/49 MP: 28/28
 11009 | D:8      | Acquired Nemelex Xobeh's fifth power
 11314 | D:8      | Got a bloodstained sling
 11332 | D:8      | Received a gift from Nemelex Xobeh
 11344 | D:8      | Identified the cursed +3,-1 sling of the Beast {velocity, rF- Dex+2} (You found it on level 8 of the Dungeon)
 11362 | D:8      | Received a gift from Nemelex Xobeh
 11811 | D:8      | Received a gift from Nemelex Xobeh
 11855 | D:9      | Found a staircase to the Lair.
 11914 | D:9      | Received a gift from Nemelex Xobeh
 11924 | D:9      | Gained mutation: Space occasionally distorts in your vicinity. [helix card]
 12030 | D:9      | Reached skill level 13 in Evocations
 12115 | D:9      | Reached skill level 21 in Evocations
 12115 | D:9      | Reached XP level 11. HP: 52/52 MP: 28/33
 12138 | D:9      | Reached skill level 1 in Throwing
 12151 | D:9      | Received a gift from Nemelex Xobeh
 12347 | D:9      | Received a gift from Nemelex Xobeh
 12652 | Lair:1   | Entered Level 1 of the Lair of Beasts
 12723 | Lair:1   | Found an iron altar of Okawaru.
 12984 | Lair:1   | Received a gift from Nemelex Xobeh
 13150 | Lair:1   | Reached skill level 5 in Throwing
 13218 | Lair:1   | Learned a level 3 spell: Flight
 14098 | D:10     | Entered Level 10 of the Dungeon
 14260 | D:10     | Noticed a hill giant
 14307 | D:10     | Killed a hill giant
 14557 | D:10     | Found a staircase to the Orcish Mines.
 14745 | D:9      | Received a gift from Nemelex Xobeh
 14824 | D:9      | Lost mutation: Space occasionally distorts in your vicinity. [potion of cure mutation]
 15115 | D:10     | Reached skill level 10 in Throwing
 15441 | D:10     | Received a gift from Nemelex Xobeh
 16002 | D:10     | Received a gift from Nemelex Xobeh
 16582 | D:10     | Received a gift from Nemelex Xobeh
 16642 | Orc:1    | Entered Level 1 of the Orcish Mines
 16643 | Orc:1    | Reached XP level 12. HP: 52/67 MP: 34/34
 16851 | Orc:1    | Noticed Gastronok
 16928 | Orc:1    | Killed Gastronok
 16928 | Orc:1    | Reached skill level 10 in Fighting
 17297 | Orc:1    | You fall through a shaft!
 17299 | Orc:2    | Found a roughly hewn altar of Beogh.
 17736 | Orc:2    | Received a gift from Nemelex Xobeh
 17785 | Orc:2    | Received a gift from Nemelex Xobeh
 18156 | Orc:2    | Received a gift from Nemelex Xobeh
 18209 | Orc:2    | Noticed Urug
 18227 | Orc:2    | Killed Urug
 18254 | Orc:2    | Received a gift from Nemelex Xobeh
 18444 | Orc:3    | Received a gift from Nemelex Xobeh
 18650 | Orc:3    | Received a gift from Nemelex Xobeh
 18800 | Orc:4    | Entered Level 4 of the Orcish Mines
 18800 | Orc:4    | Found a staircase to the Elven Halls.
 18856 | Orc:4    | Noticed an ogre mage
 18858 | Orc:4    | Found Goawos' Distillery.
 18867 | Orc:4    | Reached XP level 13. HP: 72/72 MP: 36/36
 18869 | Orc:4    | Killed an ogre mage
 18870 | Orc:4    | Noticed an ogre mage
 18871 | Orc:4    | Killed an ogre mage
 18872 | Orc:4    | Received a gift from Nemelex Xobeh
 18888 | Orc:4    | Received a gift from Nemelex Xobeh
 18901 | Orc:4    | Gained mutation: You have a pair of small horns on your head. [helix card]
 18909 | Orc:4    | Received a gift from Nemelex Xobeh
 18976 | Orc:4    | Received a gift from Nemelex Xobeh
 19055 | Orc:4    | Received a gift from Nemelex Xobeh
 19253 | Orc:4    | Found Gheshesu's Magic Scroll Shop.
 19254 | Orc:4    | Found Ekekhus' Food Shoppe.
 19257 | Orc:4    | Found Plakkasm's Weapon Emporium.
 19293 | Orc:4    | Received a gift from Nemelex Xobeh
 19300 | Orc:4    | Found Gimp's Assorted Antiques.
 19332 | Orc:4    | Bought a scroll labeled NIHOSHRYODE for 26 gold pieces
 19332 | Orc:4    | Bought a scroll labeled SHROFI SCHAP for 26 gold pieces
 19332 | Orc:4    | Bought a scroll labeled JADOGOFUPS for 26 gold pieces
 19333 | Orc:4    | Bought a gold wand for 104 gold pieces
 19333 | Orc:4    | Bought a faintly humming robe for 148 gold pieces
 19339 | Orc:4    | Identified the cursed -2 robe of Mezcal {Str+2 Int+1} (You bought it in a shop on level 4 of the Orcish Mines)
 19528 | Orc:4    | Found a dark tunnel.
 19534 | Volcano  | Entered a volcano
 19941 | Orc:4    | Bought a potion of mutation for 27 gold pieces
 19941 | Orc:4    | Bought a potion of berserk rage for 33 gold pieces
 19941 | Orc:4    | Bought a potion of confusion for 11 gold pieces
 19949 | Orc:4    | Bought a scroll of vulnerability for 105 gold pieces
 20212 | Elf:1    | Entered Level 1 of the Elven Halls
 20262 | Elf:1    | Received a gift from Nemelex Xobeh
 20332 | Elf:1    | Reached XP level 14. HP: 45/79 MP: 37/37
 20333 | Elf:1    | Reached XP level 15. HP: 47/83 MP: 37/37
 20334 | Elf:1    | Reached skill level 10 in Dodging
 20334 | Elf:1    | Reached XP level 16. HP: 50/88 MP: 38/38
 20335 | Elf:1    | Reached skill level 23 in Evocations
 20335 | Elf:1    | Reached XP level 17. HP: 52/93 MP: 40/40
 20346 | Elf:1    | Received a gift from Nemelex Xobeh
 20388 | Elf:1    | Received a gift from Nemelex Xobeh
 20476 | Elf:1    | Found a frozen archway.
 20540 | Elf:1    | Noticed a deep elf demonologist
 20553 | Elf:1    | Killed a deep elf demonologist
 20596 | Elf:1    | Received a gift from Nemelex Xobeh
 20608 | IceCv    | Entered an ice cave
 20878 | IceCv    | Received a gift from Nemelex Xobeh
 21321 | IceCv    | Noticed an Ice Fiend
 21373 | IceCv    | Received a gift from Nemelex Xobeh
 21410 | IceCv    | Killed an Ice Fiend
 21427 | IceCv    | Got an encrusted hat
 21450 | Elf:1    | Identified the cursed -4 hat "Dogemops" {rPois Str+2 Dex-2} (You found it in an ice cave)
 21531 | Elf:1    | Received a gift from Nemelex Xobeh
 21581 | Elf:1    | Noticed Aizul
 21617 | Elf:1    | Killed Aizul
 21797 | Elf:1    | Noticed Nergalle
 21823 | Elf:1    | Killed Nergalle
 21904 | Elf:1    | Received a gift from Nemelex Xobeh
 22182 | Elf:1    | Received a gift from Nemelex Xobeh
 22377 | Elf:1    | Found Ducusad's Magic Scroll Boutique.
 22378 | Elf:1    | Received a gift from Nemelex Xobeh
 22390 | Elf:1    | Received a gift from Nemelex Xobeh
 22595 | Elf:1    | Received a gift from Nemelex Xobeh
 22728 | Elf:1    | Received a gift from Nemelex Xobeh
 22850 | Elf:1    | Bought a scroll of noise for 16 gold pieces
 22850 | Elf:1    | Bought 3 scrolls of random uselessness for 48 gold pieces
 22850 | Elf:1    | Bought a scroll of summoning for 152 gold pieces
 22861 | Elf:1    | Bought a scroll of enchant weapon II for 88 gold pieces
 22861 | Elf:1    | Bought a scroll of enchant weapon II for 88 gold pieces
 22864 | Elf:1    | Bought a scroll of immolation for 56 gold pieces
 22873 | Elf:1    | Bought a scroll of remove curse for 48 gold pieces
 22873 | Elf:1    | Bought a scroll of teleportation for 48 gold pieces
 22873 | Elf:1    | Bought a scroll of amnesia for 56 gold pieces
 22873 | Elf:1    | Bought a scroll of fear for 56 gold pieces
 22873 | Elf:1    | Bought a scroll of identify for 32 gold pieces
 23030 | Orc:4    | Bought a pear for 9 gold pieces
 23030 | Orc:4    | Bought a lemon for 13 gold pieces
 23030 | Orc:4    | Bought a bread ration for 57 gold pieces
 23030 | Orc:4    | Bought a meat ration for 65 gold pieces
 23030 | Orc:4    | Bought a bread ration for 57 gold pieces
 23030 | Orc:4    | Bought a meat ration for 65 gold pieces
 23030 | Orc:4    | Bought a choko for 7 gold pieces
 23030 | Orc:4    | Bought an apricot for 9 gold pieces
 23046 | Orc:4    | Bought a +0,+0 club for 15 gold pieces
 23066 | Orc:4    | Bought a potion of curing for 22 gold pieces
 23066 | Orc:4    | Bought a potion of haste for 77 gold pieces
 23066 | Orc:4    | Bought a potion of heal wounds for 33 gold pieces
 23066 | Orc:4    | Bought a potion of heal wounds for 33 gold pieces
 23394 | Elf:1    | Noticed a deep elf sorcerer
 23433 | Elf:1    | Killed a deep elf sorcerer
 23558 | Elf:2    | Received a gift from Nemelex Xobeh
 23773 | Elf:2    | Found Peceprec's Magic Scroll Shop.
 23799 | Elf:2    | Received a gift from Nemelex Xobeh
 23805 | Elf:2    | Reached skill level 24 in Evocations
 24151 | Elf:3    | Entered Level 3 of the Elven Halls
 24175 | Elf:3    | Found Zunis Izi's Antique Weapon Shop.
 24636 | Elf:3    | Received a gift from Nemelex Xobeh
 24780 | Elf:3    | Received a gift from Nemelex Xobeh
 24790 | Elf:3    | Noticed a bone dragon
 25168 | Elf:3    | Noticed a bone dragon
 25223 | Elf:3    | Received a gift from Nemelex Xobeh
 25240 | Elf:3    | Reached skill level 5 in Stealth
 25263 | Elf:3    | Received a gift from Nemelex Xobeh
 25304 | Elf:3    | Reached skill level 25 in Evocations
 25304 | Elf:3    | Reached XP level 18. HP: 98/98 MP: 41/41
 25307 | Elf:3    | Gained mutation: You are robust (+10% HP). [helix card]
 25308 | Elf:3    | Paralysed by a card of wild magic for 7 turns
 25308 | Elf:3    | Received a gift from Nemelex Xobeh
 25472 | Elf:3    | Gained mutation: You have large cloven feet. [helix card]
 25473 | Elf:3    | Received a gift from Nemelex Xobeh
 25821 | Elf:3    | Identified a +2 rod of clouds (4/9) (You found it on level 3 of the Elven Halls)
 26076 | Elf:3    | Got an ancient buckler
 26076 | Elf:3    | Got a twitching granite ring
 26085 | Elf:3    | Identified the +2 buckler of Fun and Games {+Fly rPois Stlth+} (You took it off a deep elf sorcerer on level 3 of the Elven Halls)
 26544 | Elf:3    | Received a gift from Nemelex Xobeh
 26618 | Elf:3    | Received a gift from Nemelex Xobeh
 26652 | Elf:3    | Reached XP level 19. HP: 85/113 MP: 42/42
 26704 | Elf:3    | Got an ivory sling
 26705 | Elf:3    | Identified the cursed +2,-2 sling of Jempahuoto {flame, rF+} (You found it on level 3 of the Elven Halls)
 26794 | Elf:3    | Identified Frur Nucsu's Grimoire of Augmentations
 26799 | Elf:3    | Identified a manual of Air Magic (You found it on level 3 of the Elven Halls)
 26812 | Elf:3    | Received a gift from Nemelex Xobeh
 26836 | Elf:3    | Killed from afar by a deep elf sorcerer

Action                   |  1- 3 |  4- 6 |  7- 9 | 10-12 | 13-15 | 16-18 | 19-21 || total
-------------------------+-------+-------+-------+-------+-------+-------+-------++-------
Melee: Short sword       |    80 |       |       |       |    14 |     8 |       ||   102
       Cutlass           |       |       |    31 |       |       |       |       ||    31
       Unarmed           |       |       |     6 |    21 |       |     1 |       ||    28
       War axe           |       |       |     3 |       |       |       |       ||     3
       Dagger            |       |       |       |    14 |       |     5 |       ||    19
       Rod               |       |       |       |       |       |     4 |       ||     4
 Fire: Sling             |   140 |   307 |   422 |   742 |     1 |    76 |       ||  1688
       Blowgun           |       |       |    58 |    52 |       |    15 |       ||   125
Throw: Stone             |       |       |       |     2 |       |     4 |       ||     6
       Throwing net      |       |       |       |     2 |       |       |       ||     2
Invok: Draw One          |       |       |       |       |     9 |    18 |     3 ||    30
Evoke: Deck              |     4 |     6 |     6 |   102 |    56 |   191 |       ||   365
       Wand              |       |    10 |    20 |    11 |     8 |     6 |       ||    55
       Rod               |       |       |       |       |       |     7 |       ||     7
  Use: Scroll            |       |     8 |     1 |    13 |     3 |     6 |       ||    31
       Potion            |       |       |       |     7 |       |     4 |     1 ||    12
 Stab: Sleeping          |     3 |       |       |       |       |       |       ||     3
       Distracted        |     1 |       |       |       |       |       |       ||     1
       Paralysed         |       |       |     3 |       |       |       |       ||     3
